Barracuda vs Condors
(R1)
Created - May 18, 2021 at 19:07
Goals
|
| Barracuda |
0 |
0 |
2 |
2 |
| Condors |
1 |
2 |
2 |
5 |
|
Shots
|
| Barracuda |
7 |
9 |
10 |
26 |
| Condors |
22 |
13 |
7 |
42 |
|
1st period
1. Condors , Tyler Bozak 4 (Nail Yakupov 5, Alex Tuch 1) at 19:20
Penalties :
Theodor Blueger (San) for Interference (Minor) at 10:06
2nd period
2. Condors , Anton Slepyshev 3 (Frederik Gauthier 3, Kasperi Kapanen 2) at 13:11
3. Condors , Alex Tuch 2 (Carl Gunnarsson 2, Nail Yakupov 6) at 15:06 (PP)
Penalties :
Zach Trotman (San) for Hooking (Minor) at 14:57, Adam Erne (Bak) for Hooking (Minor) at 18:34, Corban Knight (San) for Delaying the game (Minor) at 18:38
3rd period
4. Barracuda , Emil Pettersson 1 (Samuel Groulx 1, William Carrier 1) at 1:41
5. Condors , Alex Tuch 3 (Eric Gustafsson 1, Tyler Bozak 5) at 5:04
6. Barracuda , Brandon Kozun 3 (Corban Knight 2, Kevin Connauton 4) at 7:03 (PP)
7. Condors , Anton Slepyshev 4 (Tyler Bozak 6, Zac Leslie 3) at 12:10 (PP)
Penalties :
Brett Lernout (Bak) for Slashing (Minor) at 6:45, Kasperi Kapanen (Bak) for Tripping (Minor) at 7:44, Billy Sweat (San) for Hooking (Minor) at 10:58, Sam Carrick (San) for Hooking (Minor) at 12:13
Goalie Stats
Chet Pickard (San), 37 saves from 42 shots - (0.881), L, 1-3-0, 60:00 minutes
Ilya Samsonov (Bak), 24 saves from 26 shots - (0.923), W, 1-0-0, 60:00 minutes
Players Stats for Barracuda
Player Name G A P +/- PIM S H SB GA TA FO MP PP MP PK MP
------------------------------------------------------------------------------------
Alex Plante 0 0 0 0 0 0 2 2 0 0 0/0 11:21 0:00 0:00
Billy Sweat 0 0 0 -1 2 4 0 0 0 1 0/0 16:09 0:52 1:22
Brandon Kozun 1 0 1 0 0 2 1 1 0 0 0/0 17:28 1:26 0:00
Chris Wagner 0 0 0 -1 0 0 1 0 0 0 0/0 10:20 0:00 0:00
Corban Knight 0 1 1 1 2 4 2 3 1 0 22/38 21:33 1:20 3:05
David Shields 0 0 0 0 0 0 0 0 0 2 0/0 11:30 0:00 0:09
Emil Pettersson 1 0 1 0 0 1 1 0 0 0 3/4 13:15 0:00 1:36
Jordan LaVallee 0 0 0 0 0 3 3 0 1 0 1/2 22:08 1:21 3:08
Juho Lammikko 0 0 0 -1 0 1 3 0 0 1 0/0 8:57 0:00 0:00
Justin Shugg 0 0 0 -1 0 0 2 1 0 0 1/1 14:48 0:52 0:00
Kevin Connauton 0 1 1 -2 0 3 1 1 1 1 0/0 27:41 1:31 3:39
Logan MacMillan 0 0 0 -1 0 1 1 0 0 0 0/0 9:55 0:08 0:00
Luca Sbisa 0 0 0 0 0 0 4 0 0 0 0/0 20:58 0:50 1:44
Sam Carrick 0 0 0 -1 2 1 1 0 1 0 3/12 15:41 0:52 0:53
Samuel Groulx 0 1 1 0 0 1 0 2 0 1 0/0 20:58 0:50 1:44
Theodor Blueger 0 0 0 -1 2 0 1 0 0 0 0/3 9:11 0:00 0:15
William Carrier 0 1 1 0 0 3 0 1 1 1 0/2 13:13 0:11 0:27
Zach Trotman 0 0 0 -2 2 2 0 0 0 0 0/0 27:31 1:31 3:30
Players Stats for Condors
Player Name G A P +/- PIM S H SB GA TA FO MP PP MP PK MP
------------------------------------------------------------------------------------
Adam Erne 0 0 0 0 2 0 1 0 0 0 0/0 8:34 0:03 0:00
Alex Tuch 2 1 3 2 0 5 3 0 0 0 2/3 19:22 3:11 0:00
Anton Slepyshev 2 0 2 1 0 6 1 0 0 0 0/1 16:43 2:09 0:00
Brett Lernout 0 0 0 1 2 0 1 0 0 0 0/0 11:32 0:00 1:07
C.J Suess 0 0 0 0 0 3 1 1 0 0 0/0 8:32 0:00 0:00
Caleb Jones 0 0 0 0 0 0 1 0 0 0 0/0 7:11 0:00 0:00
Carl Gunnarsson 0 1 1 0 0 1 1 1 1 0 0/0 24:25 3:55 0:56
Chris Bigras 0 0 0 1 0 1 0 1 2 0 0/0 15:36 1:28 0:00
Christian Thomas 0 0 0 -1 0 0 0 0 1 1 0/0 11:36 0:00 0:10
Daniel Zaar 0 0 0 -1 0 1 2 0 0 0 0/0 11:52 0:00 0:26
Eric Gustafsson 0 1 1 0 0 1 1 0 0 0 0/0 23:21 1:32 1:25
Erik Cernak 0 0 0 1 0 1 0 0 0 0 0/0 10:40 0:00 0:00
Frederik Gauthier 0 1 1 1 0 1 2 0 0 0 5/17 18:58 3:11 1:25
Gustav Olofsson 0 0 0 0 0 0 1 0 0 0 0/0 7:29 0:00 0:18
Kasperi Kapanen 0 1 1 1 2 1 4 0 2 0 0/1 16:20 2:09 0:00
Mark Jankowski 0 0 0 0 0 5 2 0 0 0 2/4 9:39 0:00 0:45
Nail Yakupov 0 2 2 2 0 9 2 2 0 1 1/3 22:18 3:14 1:20
Stephane Da Costa 0 0 0 -1 0 0 3 0 0 0 3/6 11:26 0:00 0:00
Tyler Bozak 1 2 3 2 0 4 1 1 0 0 19/27 20:22 2:12 0:36
Zac Leslie 0 1 1 1 0 3 1 0 1 3 0/0 19:45 3:51 0:56
3 Stars
1 - Alex Tuch (Bak)
2 - Tyler Bozak (Bak)
3 - Anton Slepyshev (Bak)
Power Play
Barracuda - 1 on 3 Attempt(s) - 33.33%
Condors - 2 on 5 Attempt(s) - 40.00%
Penalty Kill
Barracuda - 3 on 5 Attempt(s) - 60.00%
- Score 0 goal in Penalty Kill
Condors - 2 on 3 Attempt(s) - 66.67%
- Score 0 goal in Penalty Kill
Team Stat
Barracuda - Hits : 23 - Faceoff Wins : 30 - Blocked Shots : 11 - Penalty Minutes : 10
Condors - Hits : 28 - Faceoff Wins : 32 - Blocked Shots : 6 - Penalty Minutes : 6
Official
Referees : Unknown
Linesman : Unknown
Game Notes
10:43 of 3rd period - Condors goal is going for a video replay. After video review, No Goal. The puck has entered the net after making contact with an attacking player’s stick that is above the height of the crossbar.
Finance
Level 1 -- Attendance: 1534 (76.70%) -- Ticket Income $61,360
Level 2 -- Attendance: 861 (86.10%) -- Ticket Income $17,220
Total Attendance: 2395 (79.83%)
Total Ticket Income: $78,580
Other Income: $3,929
Total Income: $82,509
Barracuda
5 vs 5 Forward
Center Left Wing Right Wing Time % Phy DF OF
1 Corban Knight Jordan LaVallee Brandon Kozun 40 1 2 2
2 Sam Carrick Billy Sweat Justin Shugg 30 1 2 2
3 Emil Pettersson William Carrier Chris Wagner 20 1 2 2
4 Theodor Blueger Logan MacMillan Juho Lammikko 10 1 2 2
5 vs 5 Defense
Defense Defense Time % Phy DF OF
1 Kevin Connauton Zach Trotman 40 1 2 2
2 Luca Sbisa Samuel Groulx 30 1 2 2
3 Alex Plante David Shields 20 1 2 2
4 Kevin Connauton Zach Trotman 10 1 2 2
PowerPlay Forward
Center Left Wing Right Wing Time % Phy DF OF
1 Corban Knight Jordan LaVallee Brandon Kozun 60 1 2 2
2 Sam Carrick Billy Sweat Justin Shugg 40 1 2 2
PowerPlay Defense
Defense Defense Time % Phy DF OF
1 Kevin Connauton Zach Trotman 60 1 2 2
2 Luca Sbisa Samuel Groulx 40 1 2 2
Penalty Kill 4 Players Forward
Center Wing Time % Phy DF OF
1 Corban Knight Jordan LaVallee 60 1 2 2
2 Billy Sweat Sam Carrick 40 1 2 2
Penalty Kill 4 Players Defense
Defense Defense Time % Phy DF OF
1 Kevin Connauton Zach Trotman 60 1 2 2
2 Luca Sbisa Samuel Groulx 40 1 2 2
Penalty Kill - 3 Players Forward
Forward Time % Phy DF OF
1 Corban Knight 60 1 2 2
2 Jordan LaVallee 40 1 2 2
Penalty Kill - 3 Players Defense
Defense Defense Time % Phy DF OF
1 Kevin Connauton Zach Trotman 60 1 2 2
2 Luca Sbisa Samuel Groulx 40 1 2 2
4 vs 4 Forward
Center Wing Time % Phy DF OF
1 Corban Knight Jordan LaVallee 60 1 2 2
2 Billy Sweat Sam Carrick 40 1 2 2
4 vs 4 Defense
Defense Defense Time % Phy DF OF
1 Kevin Connauton Zach Trotman 60 1 2 2
2 Luca Sbisa Samuel Groulx 40 1 2 2
Last Minutes Offensive
Center Left Wing Right Wing Defense Defense
Corban Knight Jordan LaVallee Brandon Kozun Kevin Connauton Zach Trotman
Last Minutes Defensive
Center Left Wing Right Wing Defense Defense
Corban Knight Jordan LaVallee Brandon Kozun Kevin Connauton Zach Trotman
Goaltenders
Starting : Chet Pickard
Backup : Brandon Halverson
Extra Forwards
Normal : William Carrier, Logan MacMillan, Emil Pettersson - PP : William Carrier, Logan MacMillan - PK : Emil Pettersson
Extra Defensemen
Normal : Alex Plante, David Shields, Luca Sbisa - PP : Alex Plante - PK : David Shields, Luca Sbisa
Penalty Shots
Corban Knight, Jordan LaVallee, Billy Sweat, Sam Carrick, William Carrier
Scratches
Thomas Gobeil (Healthy), Alex Henriksson (Healthy), Cole Ully (Healthy), Mario Lucia (Healthy), Jerome Gauthier-Leduc (Healthy)
Robin Norell (Healthy), Alex Lintuniemi (Healthy), Oscar Dansk (Healthy), Joacim Eriksson (Healthy)
Condors
5 vs 5 Forward
Center Left Wing Right Wing Time % Phy DF OF
1 Tyler Bozak Alex Tuch Nail Yakupov 40 1 2 2
2 Frederik Gauthier Anton Slepyshev Kasperi Kapanen 30 1 2 2
3 Stephane Da Costa Christian Thomas Daniel Zaar 20 1 2 2
4 Mark Jankowski C.J Suess Adam Erne 10 1 2 2
5 vs 5 Defense
Defense Defense Time % Phy DF OF
1 Carl Gunnarsson Eric Gustafsson 40 1 2 2
2 Zac Leslie Chris Bigras 30 1 2 2
3 Brett Lernout Erik Cernak 20 1 2 2
4 Gustav Olofsson Caleb Jones 10 1 2 2
PowerPlay Forward
Center Left Wing Right Wing Time % Phy DF OF
1 Frederik Gauthier Alex Tuch Nail Yakupov 60 1 2 2
2 Tyler Bozak Anton Slepyshev Kasperi Kapanen 40 1 2 2
PowerPlay Defense
Defense Defense Time % Phy DF OF
1 Carl Gunnarsson Zac Leslie 60 1 2 2
2 Chris Bigras Eric Gustafsson 40 1 2 2
Penalty Kill 4 Players Forward
Center Wing Time % Phy DF OF
1 Frederik Gauthier Nail Yakupov 60 1 2 2
2 Mark Jankowski Daniel Zaar 40 1 2 2
Penalty Kill 4 Players Defense
Defense Defense Time % Phy DF OF
1 Brett Lernout Eric Gustafsson 60 1 2 2
2 Carl Gunnarsson Zac Leslie 40 1 2 2
Penalty Kill - 3 Players Forward
Forward Time % Phy DF OF
1 Tyler Bozak 60 1 2 2
2 Nail Yakupov 40 1 2 2
Penalty Kill - 3 Players Defense
Defense Defense Time % Phy DF OF
1 Carl Gunnarsson Eric Gustafsson 60 1 2 2
2 Zac Leslie Erik Cernak 40 1 2 2
4 vs 4 Forward
Center Wing Time % Phy DF OF
1 Tyler Bozak Nail Yakupov 60 1 2 2
2 Mark Jankowski Anton Slepyshev 40 1 2 2
4 vs 4 Defense
Defense Defense Time % Phy DF OF
1 Carl Gunnarsson Eric Gustafsson 60 1 2 2
2 Zac Leslie Brett Lernout 40 1 2 2
Last Minutes Offensive
Center Left Wing Right Wing Defense Defense
Tyler Bozak Anton Slepyshev Nail Yakupov Carl Gunnarsson Eric Gustafsson
Last Minutes Defensive
Center Left Wing Right Wing Defense Defense
Tyler Bozak Anton Slepyshev Nail Yakupov Carl Gunnarsson Eric Gustafsson
Goaltenders
Starting : Ilya Samsonov
Backup : Mark Visentin
Extra Forwards
Normal : Mark Jankowski, Alex Tuch, Tyler Bozak - PP : Mark Jankowski, Alex Tuch - PK : Tyler Bozak
Extra Defensemen
Normal : Erik Cernak, Brett Lernout, Gustav Olofsson - PP : Erik Cernak - PK : Brett Lernout, Gustav Olofsson
Penalty Shots
Daniel Zaar, Tyler Bozak, Kasperi Kapanen, Alex Tuch, Anton Slepyshev
Scratches
Louis Leblanc (Healthy), Emil Djuse (Healthy), Nick Merkley (Healthy), Cole Cassels (Healthy), Jordan Subban (Healthy)
Jeremy Gregoire (Healthy), Connor Hurley (Healthy), Remi Elie (Healthy), Brett Ritchie (Healthy), Anders Bjork (Healthy)
Hunter Smith (Healthy), Jack Campbell (Healthy)
% Time on Ice - Barracuda
Lines # - Real PCT - Wanted PCT - Time Play
Normal Forward
1 - 34% - 40% - 17:08
2 - 28% - 30% - 13:56
3 - 21% - 20% - 10:20
4 - 18% - 10% - 8:57
Normal Defense
1 - 37% - 40% - 18:24
2 - 36% - 30% - 17:58
3 - 23% - 20% - 11:21
4 - 5% - 10% - 2:38
PP Forward
1 - 63% - 60% - 1:29
2 - 37% - 40% - 0:52
PP Defense
1 - 65% - 60% - 1:31
2 - 35% - 40% - 0:50
PK Forward
1 - 68% - 60% - 3:41
2 - 32% - 40% - 1:42
PK Defense
1 - 68% - 60% - 3:39
2 - 32% - 40% - 1:44
PK3 Forward
1 - 0% - 60%
2 - 0% - 40%
PK3 Defense
1 - 0% - 60%
2 - 0% - 40%
44 Forward
1 - 100% - 60% - 1:55
2 - 0% - 40% - 0:00
44 Defense
1 - 77% - 60% - 1:29
2 - 23% - 40% - 0:26
Last Minute Offensive - 0:00
Last Minute Defensive - 0:00
Total
Forward - 60:00
Defense - 60:00
|
% Time on Ice - Condors
Lines # - Real PCT - Wanted PCT - Time Play
Normal Forward
1 - 32% - 40% - 16:11
2 - 28% - 30% - 14:12
3 - 23% - 20% - 11:26
4 - 17% - 10% - 8:32
Normal Defense
1 - 38% - 40% - 19:19
2 - 28% - 30% - 14:08
3 - 19% - 20% - 9:43
4 - 14% - 10% - 7:11
PP Forward
1 - 60% - 60% - 3:14
2 - 40% - 40% - 2:09
PP Defense
1 - 73% - 60% - 3:55
2 - 27% - 40% - 1:28
PK Forward
1 - 82% - 60% - 1:55
2 - 18% - 40% - 0:26
PK Defense
1 - 60% - 60% - 1:25
2 - 40% - 40% - 0:56
PK3 Forward
1 - 0% - 60%
2 - 0% - 40%
PK3 Defense
1 - 0% - 60%
2 - 0% - 40%
44 Forward
1 - 81% - 60% - 1:33
2 - 19% - 40% - 0:22
44 Defense
1 - 63% - 60% - 1:12
2 - 37% - 40% - 0:43
Last Minute Offensive - 0:00
Last Minute Defensive - 0:00
Total
Forward - 60:00
Defense - 60:00
|
Play-by-Play
1st period
0:01 of 1st period - Tyler Bozak wins face-off versus Corban Knight in neutral zone.
0:26 of 1st period - Justin Shugg is hit by Frederik Gauthier and loses puck.
0:49 of 1st period - Wrist shot by C.J Suess.
0:49 of 1st period - Stopped by Chet Pickard without a rebound.
0:50 of 1st period - Emil Pettersson wins face-off versus Mark Jankowski in Barracuda zone.
0:50 of 1st period - Emil Pettersson is hit by Brett Lernout.
1:04 of 1st period - Adam Erne is hit by Emil Pettersson and loses puck.
1:20 of 1st period - Wrist shot by Jordan LaVallee.
1:20 of 1st period - Deflect By Brandon Kozun.
1:20 of 1st period - Stopped by Ilya Samsonov without a rebound.
1:21 of 1st period - Stephane Da Costa wins face-off versus Theodor Blueger in Condors zone.
1:57 of 1st period - Backhand shot by Tyler Bozak.
1:57 of 1st period - Shot Blocked by Alex Plante.
1:59 of 1st period - Slapshot by Caleb Jones.
1:59 of 1st period - Shot Misses the Net.
2:36 of 1st period - Slapshot by Mark Jankowski.
2:36 of 1st period - Stopped by Chet Pickard with a rebound.
2:38 of 1st period - Slapshot by Carl Gunnarsson.
2:38 of 1st period - Stopped by Chet Pickard with a rebound.
2:56 of 1st period - Alex Tuch is hit by Logan MacMillan and loses puck.
4:02 of 1st period - Nail Yakupov is hit by Luca Sbisa and loses puck.
4:19 of 1st period - Wrist shot by Adam Erne.
4:19 of 1st period - Deflect By Mark Jankowski.
4:19 of 1st period - Shot Misses the Net.
4:19 of 1st period - Puck is out of play.
4:20 of 1st period - Mark Jankowski wins face-off versus Corban Knight in Barracuda zone.
4:25 of 1st period - Wrist shot by Mark Jankowski.
4:25 of 1st period - Stopped by Chet Pickard without a rebound.
4:26 of 1st period - Tyler Bozak wins face-off versus Corban Knight in Barracuda zone.
4:29 of 1st period - Wrist shot by Nail Yakupov.
4:29 of 1st period - Stopped by Chet Pickard with a rebound.
4:55 of 1st period - Snap shot by Anton Slepyshev.
4:55 of 1st period - Deflect By Kasperi Kapanen.
4:55 of 1st period - Shot Misses the Net.
4:55 of 1st period - Puck is out of play.
4:56 of 1st period - Frederik Gauthier wins face-off versus Sam Carrick in Barracuda zone.
5:07 of 1st period - Wrist shot by Frederik Gauthier.
5:07 of 1st period - Deflect By Anton Slepyshev.
5:07 of 1st period - Stopped by Chet Pickard without a rebound.
5:08 of 1st period - Alex Tuch wins face-off versus Corban Knight in Barracuda zone.
5:19 of 1st period - Snap shot by Nail Yakupov.
5:19 of 1st period - Deflect By Kevin Connauton.
5:19 of 1st period - Shot Misses the Net.
5:19 of 1st period - Puck is out of play.
5:20 of 1st period - Tyler Bozak wins face-off versus Corban Knight in Barracuda zone.
6:14 of 1st period - Off-side.
6:15 of 1st period - Corban Knight wins face-off versus Frederik Gauthier in neutral zone.
6:39 of 1st period - Wrist shot by Frederik Gauthier.
6:39 of 1st period - Stopped by Chet Pickard without a rebound.
6:40 of 1st period - Sam Carrick wins face-off versus Stephane Da Costa in Barracuda zone.
6:40 of 1st period - Sam Carrick is hit by Stephane Da Costa.
6:54 of 1st period - Snap shot by Sam Carrick.
6:54 of 1st period - Shot Blocked by Carl Gunnarsson.
6:56 of 1st period - Slapshot by Justin Shugg.
6:56 of 1st period - Shot Misses the Net.
7:10 of 1st period - Slapshot by Tyler Bozak.
7:10 of 1st period - Shot Misses the Net.
7:12 of 1st period - Slapshot by Tyler Bozak.
7:12 of 1st period - Stopped by Chet Pickard with a rebound.
7:14 of 1st period - Wrist shot by Eric Gustafsson.
7:14 of 1st period - Stopped by Chet Pickard without a rebound.
7:15 of 1st period - Frederik Gauthier wins face-off versus Corban Knight in Barracuda zone.
7:24 of 1st period - Snap shot by Anton Slepyshev.
7:24 of 1st period - Stopped by Chet Pickard without a rebound.
7:25 of 1st period - Corban Knight wins face-off versus Anton Slepyshev in Barracuda zone.
7:25 of 1st period - Corban Knight is hit by Kasperi Kapanen.
7:39 of 1st period - Wrist shot by Anton Slepyshev.
7:39 of 1st period - Shot Misses the Net.
7:51 of 1st period - Slapshot by Corban Knight.
7:51 of 1st period - Stopped by Ilya Samsonov without a rebound.
7:52 of 1st period - Tyler Bozak wins face-off versus Sam Carrick in Condors zone.
8:18 of 1st period - Carl Gunnarsson is hit by Theodor Blueger and loses puck.
8:23 of 1st period - Snap shot by Juho Lammikko.
8:23 of 1st period - Stopped by Ilya Samsonov with a rebound.
8:33 of 1st period - Alex Plante is hit by Daniel Zaar and loses puck.
10:06 of 1st period - Minor Penalty to Theodor Blueger for Interference.
10:07 of 1st period - Corban Knight wins face-off versus Frederik Gauthier in Barracuda zone.
10:16 of 1st period - Zach Trotman is hit by Frederik Gauthier and loses puck.
10:46 of 1st period - Wrist shot by Billy Sweat.
10:46 of 1st period - Stopped by Ilya Samsonov with a rebound.
10:50 of 1st period - Wrist shot by Sam Carrick.
10:50 of 1st period - Stopped by Ilya Samsonov without a rebound.
10:51 of 1st period - Tyler Bozak wins face-off versus Jordan LaVallee in Condors zone.
10:58 of 1st period - Samuel Groulx is hit by Zac Leslie and loses puck.
11:56 of 1st period - Snap shot by Nail Yakupov.
11:56 of 1st period - Stopped by Chet Pickard without a rebound.
11:57 of 1st period - Emil Pettersson wins face-off versus Nail Yakupov in Barracuda zone.
12:06 of 1st period - Penalty to Theodor Blueger is over, Theodor Blueger is back on ice.
12:18 of 1st period - Wrist shot by Billy Sweat.
12:18 of 1st period - Shot Blocked by Chris Bigras.
12:32 of 1st period - Chris Wagner is hit by Adam Erne and loses puck.
12:41 of 1st period - Wrist shot by Mark Jankowski.
12:41 of 1st period - Stopped by Chet Pickard without a rebound.
12:42 of 1st period - Corban Knight wins face-off versus Tyler Bozak in Barracuda zone.
12:42 of 1st period - Corban Knight is hit by Nail Yakupov.
12:50 of 1st period - Wrist shot by Tyler Bozak.
12:50 of 1st period - Stopped by Chet Pickard with a rebound.
12:52 of 1st period - Slapshot by Tyler Bozak.
12:52 of 1st period - Stopped by Chet Pickard without a rebound.
12:53 of 1st period - Corban Knight wins face-off versus Frederik Gauthier in Barracuda zone.
12:58 of 1st period - Anton Slepyshev is hit by Jordan LaVallee and loses puck.
13:27 of 1st period - Snap shot by Billy Sweat.
13:27 of 1st period - Stopped by Ilya Samsonov with a rebound.
13:56 of 1st period - Snap shot by Stephane Da Costa.
13:56 of 1st period - Shot Blocked by William Carrier.
14:32 of 1st period - Wrist shot by Anton Slepyshev.
14:32 of 1st period - Deflect By Frederik Gauthier.
14:32 of 1st period - Shot Blocked by Samuel Groulx.
14:32 of 1st period - Puck is out of play.
14:33 of 1st period - Frederik Gauthier wins face-off versus Corban Knight in Barracuda zone.
14:42 of 1st period - Backhand shot by Anton Slepyshev.
14:42 of 1st period - Shot Blocked by Kevin Connauton.
14:58 of 1st period - Sam Carrick is hit by Alex Tuch and loses puck.
15:09 of 1st period - Snap shot by Billy Sweat.
15:09 of 1st period - Stopped by Ilya Samsonov without a rebound.
15:10 of 1st period - Corban Knight wins face-off versus Stephane Da Costa in Condors zone.
15:37 of 1st period - Zach Trotman is hit by Alex Tuch and loses puck.
15:46 of 1st period - Wrist shot by Nail Yakupov.
15:46 of 1st period - Stopped by Chet Pickard without a rebound.
15:47 of 1st period - Emil Pettersson wins face-off versus Tyler Bozak in Barracuda zone.
15:57 of 1st period - Off-side.
15:58 of 1st period - Tyler Bozak wins face-off versus Corban Knight in neutral zone.
16:04 of 1st period - Snap shot by Nail Yakupov.
16:04 of 1st period - Shot Misses the Net.
16:37 of 1st period - Off-side.
16:38 of 1st period - Stephane Da Costa wins face-off versus Emil Pettersson in neutral zone.
16:49 of 1st period - Wrist shot by William Carrier.
16:49 of 1st period - Deflect By Chris Bigras.
16:49 of 1st period - Shot Misses the Net.
16:49 of 1st period - Puck is out of play.
16:50 of 1st period - Tyler Bozak wins face-off versus Corban Knight in Condors zone.
17:01 of 1st period - Wrist shot by Nail Yakupov.
17:01 of 1st period - Deflect By Zach Trotman.
17:01 of 1st period - Stopped by Chet Pickard with a rebound.
17:38 of 1st period - Samuel Groulx is hit by Mark Jankowski and loses puck.
17:49 of 1st period - Snap shot by Adam Erne.
17:49 of 1st period - Deflect By C.J Suess.
17:49 of 1st period - Stopped by Chet Pickard with a rebound.
17:59 of 1st period - Daniel Zaar is hit by Luca Sbisa and loses puck.
18:08 of 1st period - Wrist shot by Daniel Zaar.
18:08 of 1st period - Stopped by Chet Pickard with a rebound.
18:26 of 1st period - Wrist shot by Corban Knight.
18:26 of 1st period - Shot Misses the Net.
18:44 of 1st period - Backhand shot by Anton Slepyshev.
18:44 of 1st period - Stopped by Chet Pickard without a rebound.
18:45 of 1st period - Corban Knight wins face-off versus Frederik Gauthier in Barracuda zone.
19:18 of 1st period - Wrist shot by Alex Tuch.
19:18 of 1st period - Stopped by Chet Pickard with a rebound.
19:20 of 1st period - Snap shot by Nail Yakupov.
19:20 of 1st period - Deflect By Tyler Bozak.
19:20 of 1st period - Goal by Tyler Bozak - Barracuda : 0 - Condors : 1.
19:21 of 1st period - Corban Knight wins face-off versus Tyler Bozak in neutral zone.
19:35 of 1st period - Snap shot by Nail Yakupov.
19:35 of 1st period - Stopped by Chet Pickard with a rebound.
19:41 of 1st period - Nail Yakupov is hit by Kevin Connauton and loses puck.
Goals for this period are 0 for Barracuda vs 1 for Condors.
Shots for this period are 7 for Barracuda vs 22 for Condors.
2nd period
0:01 of 2nd period - Tyler Bozak wins face-off versus Corban Knight in neutral zone.
0:08 of 2nd period - Snap shot by Tyler Bozak.
0:08 of 2nd period - Shot Misses the Net.
0:10 of 2nd period - Slapshot by Chris Bigras.
0:10 of 2nd period - Shot Blocked by Corban Knight.
0:12 of 2nd period - Slapshot by Zac Leslie.
0:12 of 2nd period - Stopped by Chet Pickard without a rebound.
0:13 of 2nd period - Corban Knight wins face-off versus Alex Tuch in Barracuda zone.
0:13 of 2nd period - Corban Knight is hit by Eric Gustafsson.
0:48 of 2nd period - Off-side.
0:49 of 2nd period - Tyler Bozak wins face-off versus Sam Carrick in neutral zone.
1:16 of 2nd period - Christian Thomas is hit by Corban Knight and loses puck.
1:27 of 2nd period - Brandon Kozun is hit by Stephane Da Costa and loses puck.
2:04 of 2nd period - Backhand shot by Logan MacMillan.
2:04 of 2nd period - Stopped by Ilya Samsonov without a rebound.
2:05 of 2nd period - Tyler Bozak wins face-off versus Corban Knight in Condors zone.
2:05 of 2nd period - Tyler Bozak is hit by Corban Knight.
3:29 of 2nd period - Snap shot by William Carrier.
3:29 of 2nd period - Stopped by Ilya Samsonov without a rebound.
3:30 of 2nd period - Tyler Bozak wins face-off versus Corban Knight in Condors zone.
3:45 of 2nd period - Snap shot by Brandon Kozun.
3:45 of 2nd period - Deflect By Corban Knight.
3:45 of 2nd period - Shot Misses the Net.
3:45 of 2nd period - Puck is out of play.
3:46 of 2nd period - Frederik Gauthier wins face-off versus Sam Carrick in Condors zone.
3:57 of 2nd period - Kasperi Kapanen is hit by Justin Shugg and loses puck.
4:12 of 2nd period - Zach Trotman is hit by Nail Yakupov and loses puck.
5:17 of 2nd period - Wrist shot by Billy Sweat.
5:17 of 2nd period - Stopped by Ilya Samsonov with a rebound.
5:40 of 2nd period - Nail Yakupov is hit by Luca Sbisa and loses puck.
5:53 of 2nd period - William Carrier is hit by Stephane Da Costa and loses puck.
6:18 of 2nd period - Snap shot by Mark Jankowski.
6:18 of 2nd period - Stopped by Chet Pickard without a rebound.
6:19 of 2nd period - Corban Knight wins face-off versus Mark Jankowski in Barracuda zone.
6:24 of 2nd period - Slapshot by Zach Trotman.
6:24 of 2nd period - Deflect By Chris Bigras.
6:24 of 2nd period - Stopped by Ilya Samsonov with a rebound.
6:36 of 2nd period - Chris Bigras is hit by Jordan LaVallee and loses puck.
6:43 of 2nd period - Corban Knight is hit by C.J Suess and loses puck.
6:57 of 2nd period - Icing by Kevin Connauton.
6:58 of 2nd period - Corban Knight wins face-off versus Tyler Bozak in Barracuda zone.
7:03 of 2nd period - Slapshot by Kevin Connauton.
7:03 of 2nd period - Stopped by Ilya Samsonov with a rebound.
7:13 of 2nd period - Off-side.
7:14 of 2nd period - Sam Carrick wins face-off versus Frederik Gauthier in neutral zone.
7:29 of 2nd period - Snap shot by Kasperi Kapanen.
7:29 of 2nd period - Stopped by Chet Pickard with a rebound.
7:41 of 2nd period - Nail Yakupov is hit by Chris Wagner and loses puck.
8:08 of 2nd period - Samuel Groulx is hit by Daniel Zaar and loses puck.
8:26 of 2nd period - Slapshot by Carl Gunnarsson.
8:26 of 2nd period - Shot Blocked by Corban Knight.
8:40 of 2nd period - Slapshot by Kevin Connauton.
8:40 of 2nd period - Shot Misses the Net.
9:05 of 2nd period - Snap shot by Carl Gunnarsson.
9:05 of 2nd period - Shot Misses the Net.
9:07 of 2nd period - Snap shot by Nail Yakupov.
9:07 of 2nd period - Stopped by Chet Pickard with a rebound.
9:09 of 2nd period - Snap shot by Tyler Bozak.
9:09 of 2nd period - Deflect By Nail Yakupov.
9:09 of 2nd period - Stopped by Chet Pickard with a rebound.
9:11 of 2nd period - Wrist shot by Tyler Bozak.
9:11 of 2nd period - Shot Misses the Net.
9:41 of 2nd period - C.J Suess is hit by Juho Lammikko.
9:49 of 2nd period - Backhand shot by C.J Suess.
9:49 of 2nd period - Stopped by Chet Pickard with a rebound.
10:46 of 2nd period - Wrist shot by Daniel Zaar.
10:46 of 2nd period - Shot Blocked by Corban Knight.
11:05 of 2nd period - Kevin Connauton is hit by Alex Tuch and loses puck.
11:14 of 2nd period - Slapshot by Zach Trotman.
11:14 of 2nd period - Stopped by Ilya Samsonov with a rebound.
11:50 of 2nd period - Slapshot by Kevin Connauton.
11:50 of 2nd period - Stopped by Ilya Samsonov without a rebound.
11:51 of 2nd period - Frederik Gauthier wins face-off versus Corban Knight in Condors zone.
11:51 of 2nd period - Frederik Gauthier is hit by Jordan LaVallee.
12:39 of 2nd period - Snap shot by Anton Slepyshev.
12:39 of 2nd period - Deflect By Luca Sbisa.
12:39 of 2nd period - Stopped by Chet Pickard with a rebound.
12:41 of 2nd period - Snap shot by Erik Cernak.
12:41 of 2nd period - Stopped by Chet Pickard with a rebound.
12:43 of 2nd period - Slapshot by Erik Cernak.
12:43 of 2nd period - Shot Blocked by Samuel Groulx.
13:11 of 2nd period - Snap shot by Anton Slepyshev.
13:11 of 2nd period - Goal by Anton Slepyshev - Barracuda : 0 - Condors : 2.
13:12 of 2nd period - Justin Shugg wins face-off versus Tyler Bozak in neutral zone.
13:26 of 2nd period - Snap shot by Sam Carrick.
13:26 of 2nd period - Shot Misses the Net.
14:46 of 2nd period - Backhand shot by Sam Carrick.
14:46 of 2nd period - Deflect By Justin Shugg.
14:46 of 2nd period - Shot Misses the Net.
14:46 of 2nd period - Puck is out of play.
14:47 of 2nd period - Mark Jankowski wins face-off versus Sam Carrick in Condors zone.
14:57 of 2nd period - Minor Penalty to Zach Trotman for Hooking.
14:58 of 2nd period - Corban Knight wins face-off versus Frederik Gauthier in Barracuda zone.
15:06 of 2nd period - Slapshot by Carl Gunnarsson.
15:06 of 2nd period - Deflect By Alex Tuch.
15:06 of 2nd period - Goal by Alex Tuch - Barracuda : 0 - Condors : 3.
15:07 of 2nd period - Corban Knight wins face-off versus Tyler Bozak in neutral zone.
16:22 of 2nd period - Slapshot by Logan MacMillan.
16:22 of 2nd period - Shot Blocked by Nail Yakupov.
16:25 of 2nd period - Icing by Chris Bigras.
16:26 of 2nd period - Alex Tuch wins face-off versus Theodor Blueger in Condors zone.
17:01 of 2nd period - Snap shot by Nail Yakupov.
17:01 of 2nd period - Stopped by Chet Pickard with a rebound.
17:03 of 2nd period - Wrist shot by Nail Yakupov.
17:03 of 2nd period - Shot Misses the Net.
17:05 of 2nd period - Slapshot by Chris Bigras.
17:05 of 2nd period - Stopped by Chet Pickard without a rebound.
17:06 of 2nd period - Corban Knight wins face-off versus Kasperi Kapanen in Barracuda zone.
17:06 of 2nd period - Corban Knight is hit by Kasperi Kapanen.
17:14 of 2nd period - Wrist shot by Corban Knight.
17:14 of 2nd period - Stopped by Ilya Samsonov with a rebound.
17:16 of 2nd period - Snap shot by Jordan LaVallee.
17:16 of 2nd period - Stopped by Ilya Samsonov with a rebound.
17:18 of 2nd period - Wrist shot by Corban Knight.
17:18 of 2nd period - Shot Misses the Net.
17:20 of 2nd period - Snap shot by Brandon Kozun.
17:20 of 2nd period - Shot Misses the Net.
17:29 of 2nd period - Icing by Carl Gunnarsson.
17:30 of 2nd period - Stephane Da Costa wins face-off versus Sam Carrick in Condors zone.
17:55 of 2nd period - Alex Tuch is hit by Brandon Kozun.
18:34 of 2nd period - Minor Penalty to Adam Erne for Hooking.
18:35 of 2nd period - Corban Knight wins face-off versus Frederik Gauthier in Condors zone.
18:38 of 2nd period - Minor Penalty to Corban Knight for Delaying the game.
18:39 of 2nd period - Jordan LaVallee wins face-off versus Tyler Bozak in Barracuda zone.
19:31 of 2nd period - Snap shot by Mark Jankowski.
19:31 of 2nd period - Stopped by Chet Pickard without a rebound.
19:32 of 2nd period - Tyler Bozak wins face-off versus William Carrier in Barracuda zone.
Goals for this period are 0 for Barracuda vs 2 for Condors.
Shots for this period are 9 for Barracuda vs 13 for Condors.
3rd period
0:01 of 3rd period - Tyler Bozak wins face-off versus William Carrier in neutral zone.
0:04 of 3rd period - Jordan LaVallee is hit by Carl Gunnarsson.
0:16 of 3rd period - Snap shot by William Carrier.
0:16 of 3rd period - Shot Blocked by Tyler Bozak.
0:34 of 3rd period - Penalty to Adam Erne is over, Adam Erne is back on ice.
0:38 of 3rd period - Penalty to Corban Knight is over, Corban Knight is back on ice.
0:56 of 3rd period - Snap shot by Corban Knight.
0:56 of 3rd period - Stopped by Ilya Samsonov with a rebound.
0:58 of 3rd period - Snap shot by Corban Knight.
0:58 of 3rd period - Shot Misses the Net.
1:04 of 3rd period - Snap shot by Corban Knight.
1:04 of 3rd period - Shot Hit the Post.
1:19 of 3rd period - Wrist shot by Corban Knight.
1:19 of 3rd period - Shot Misses the Net.
1:21 of 3rd period - Slapshot by Samuel Groulx.
1:21 of 3rd period - Stopped by Ilya Samsonov with a rebound.
1:37 of 3rd period - Snap shot by William Carrier.
1:37 of 3rd period - Shot Misses the Net.
1:39 of 3rd period - Slapshot by Samuel Groulx.
1:39 of 3rd period - Shot Misses the Net.
1:41 of 3rd period - Backhand shot by Emil Pettersson.
1:41 of 3rd period - Goal by Emil Pettersson - Barracuda : 1 - Condors : 3.
1:42 of 3rd period - Nail Yakupov wins face-off versus Sam Carrick in neutral zone.
1:47 of 3rd period - Slapshot by Tyler Bozak.
1:47 of 3rd period - Shot Misses the Net.
2:55 of 3rd period - Snap shot by Tyler Bozak.
2:55 of 3rd period - Shot Misses the Net.
3:20 of 3rd period - Icing by Luca Sbisa.
3:21 of 3rd period - Tyler Bozak wins face-off versus Sam Carrick in Barracuda zone.
3:26 of 3rd period - Wrist shot by Nail Yakupov.
3:26 of 3rd period - Stopped by Chet Pickard with a rebound.
3:28 of 3rd period - Snap shot by Eric Gustafsson.
3:28 of 3rd period - Shot Blocked by Justin Shugg.
4:08 of 3rd period - Jordan LaVallee is hit by Kasperi Kapanen and loses puck.
4:13 of 3rd period - Snap shot by Anton Slepyshev.
4:13 of 3rd period - Shot Blocked by Brandon Kozun.
4:15 of 3rd period - Snap shot by Caleb Jones.
4:15 of 3rd period - Shot Misses the Net.
4:29 of 3rd period - C.J Suess is hit by Luca Sbisa and loses puck.
4:52 of 3rd period - Snap shot by Logan MacMillan.
4:52 of 3rd period - Shot Misses the Net.
4:54 of 3rd period - Slapshot by Zach Trotman.
4:54 of 3rd period - Shot Blocked by C.J Suess.
4:56 of 3rd period - Slapshot by Kevin Connauton.
4:56 of 3rd period - Stopped by Ilya Samsonov without a rebound.
4:57 of 3rd period - Tyler Bozak wins face-off versus Theodor Blueger in Condors zone.
5:02 of 3rd period - Snap shot by Eric Gustafsson.
5:02 of 3rd period - Shot Misses the Net.
5:04 of 3rd period - Backhand shot by Alex Tuch.
5:04 of 3rd period - Goal by Alex Tuch - Barracuda : 1 - Condors : 4.
5:05 of 3rd period - Corban Knight wins face-off versus Tyler Bozak in neutral zone.
5:10 of 3rd period - Snap shot by Corban Knight.
5:10 of 3rd period - Shot Misses the Net.
6:01 of 3rd period - Snap shot by William Carrier.
6:01 of 3rd period - Stopped by Ilya Samsonov without a rebound.
6:02 of 3rd period - Tyler Bozak wins face-off versus Corban Knight in Condors zone.
6:27 of 3rd period - Frederik Gauthier is hit by Alex Plante.
6:45 of 3rd period - Minor Penalty to Brett Lernout for Slashing.
6:46 of 3rd period - Corban Knight wins face-off versus Frederik Gauthier in Condors zone.
6:55 of 3rd period - Wrist shot by Jordan LaVallee.
6:55 of 3rd period - Stopped by Ilya Samsonov without a rebound.
6:56 of 3rd period - Corban Knight wins face-off versus Frederik Gauthier in Condors zone.
6:57 of 3rd period - Snap shot by Jordan LaVallee.
6:57 of 3rd period - Shot Misses the Net.
6:59 of 3rd period - Slapshot by Kevin Connauton.
6:59 of 3rd period - Shot Misses the Net.
7:01 of 3rd period - Snap shot by Corban Knight.
7:01 of 3rd period - Shot Blocked by Nail Yakupov.
7:03 of 3rd period - Wrist shot by Brandon Kozun.
7:03 of 3rd period - Goal by Brandon Kozun - Barracuda : 2 - Condors : 4.
7:04 of 3rd period - Tyler Bozak wins face-off versus Corban Knight in neutral zone.
7:15 of 3rd period - Wrist shot by Corban Knight.
7:15 of 3rd period - Stopped by Ilya Samsonov without a rebound.
7:16 of 3rd period - Tyler Bozak wins face-off versus Corban Knight in Condors zone.
7:44 of 3rd period - Minor Penalty to Kasperi Kapanen for Tripping.
7:45 of 3rd period - Corban Knight wins face-off versus Frederik Gauthier in Condors zone.
8:59 of 3rd period - Slapshot by Mark Jankowski.
8:59 of 3rd period - Shot Misses the Net.
9:05 of 3rd period - Mark Jankowski is hit by Sam Carrick and loses puck.
9:44 of 3rd period - Penalty to Kasperi Kapanen is over, Kasperi Kapanen is back on ice.
10:01 of 3rd period - Stephane Da Costa is hit by Juho Lammikko and loses puck.
10:41 of 3rd period - Backhand shot by Nail Yakupov.
10:41 of 3rd period - Shot Blocked by Alex Plante.
10:43 of 3rd period - Wrist shot by Alex Tuch.
10:43 of 3rd period - Condors goal is going for a video replay.
10:43 of 3rd period - The goal is refused. The puck has entered the net after making contact with an attacking player’s stick that is above the height of the crossbar..
10:44 of 3rd period - Tyler Bozak wins face-off versus Sam Carrick in Barracuda zone.
10:58 of 3rd period - Minor Penalty to Billy Sweat for Hooking.
10:59 of 3rd period - Corban Knight wins face-off versus Frederik Gauthier in Barracuda zone.
11:42 of 3rd period - Snap shot by Alex Tuch.
11:42 of 3rd period - Stopped by Chet Pickard with a rebound.
11:44 of 3rd period - Wrist shot by Nail Yakupov.
11:44 of 3rd period - Shot Misses the Net.
12:10 of 3rd period - Wrist shot by Anton Slepyshev.
12:10 of 3rd period - Goal by Anton Slepyshev - Barracuda : 2 - Condors : 5.
12:11 of 3rd period - Sam Carrick wins face-off versus Stephane Da Costa in neutral zone.
12:13 of 3rd period - Minor Penalty to Sam Carrick for Hooking.
12:14 of 3rd period - Corban Knight wins face-off versus Nail Yakupov in Barracuda zone.
12:24 of 3rd period - Slapshot by Zac Leslie.
12:24 of 3rd period - Stopped by Chet Pickard without a rebound.
12:25 of 3rd period - Corban Knight wins face-off versus Frederik Gauthier in Barracuda zone.
12:36 of 3rd period - Slapshot by Zac Leslie.
12:36 of 3rd period - Deflect By Zach Trotman.
12:36 of 3rd period - Stopped by Chet Pickard with a rebound.
12:38 of 3rd period - Wrist shot by Nail Yakupov.
12:38 of 3rd period - Shot Misses the Net.
14:05 of 3rd period - Emil Pettersson is hit by Anton Slepyshev and loses puck.
14:13 of 3rd period - Penalty to Sam Carrick is over, Sam Carrick is back on ice.
15:30 of 3rd period - Mark Jankowski is hit by Alex Plante and loses puck.
15:43 of 3rd period - William Carrier is hit by Tyler Bozak and loses puck.
16:00 of 3rd period - Snap shot by Stephane Da Costa.
16:00 of 3rd period - Shot Misses the Net.
16:10 of 3rd period - Slapshot by William Carrier.
16:10 of 3rd period - Stopped by Ilya Samsonov with a rebound.
16:56 of 3rd period - Christian Thomas is hit by Juho Lammikko and loses puck.
17:09 of 3rd period - Snap shot by Billy Sweat.
17:09 of 3rd period - Shot Misses the Net.
17:27 of 3rd period - Snap shot by Jordan LaVallee.
17:27 of 3rd period - Stopped by Ilya Samsonov with a rebound.
17:45 of 3rd period - Luca Sbisa is hit by Mark Jankowski and loses puck.
18:24 of 3rd period - Samuel Groulx is hit by Kasperi Kapanen and loses puck.
19:39 of 3rd period - Billy Sweat is hit by Gustav Olofsson and loses puck.
19:48 of 3rd period - Gustav Olofsson is hit by Justin Shugg and loses puck.
19:59 of 3rd period - Logan MacMillan is hit by Caleb Jones and loses puck.
Goals for this period are 2 for Barracuda vs 2 for Condors.
Shots for this period are 10 for Barracuda vs 7 for Condors.